 Dungeon Crawl Stone Soup version 0.20-a0-971-g5896763 (webtiles) character file.

269 Leszczynek the Cudgeler (level 6, 2/53 HPs)
             Began as an Ogre Summoner on Apr 8, 2017.
             Was a Follower of the Shining One.
             Quit the game on level 5 of the Dungeon.
             The game lasted 00:10:46 (1857 turns).

Leszczynek the Cudgeler (Ogre Summoner)             Turns: 1857, Time: 00:10:46

Health: 2/53       AC:  4    Str: 13    XL:     6   Next: 22%
Magic:  9/9        EV: 10    Int: 16    God:    the Shining One [*.....]
Gold:   171        SH:  0    Dex: 11    Spells: 5/9 levels left

rFire    . . .     SeeInvis .   a - +0 mace
rCold    . . .     Gourm    .   (no shield)
rNeg     . . .     Faith    .   g - +1 robe
rPois    .         Spirit   .   (helmet restricted)
rElec    .         Reflect  .   (no cloak)
rCorr    .         Harm     .   (gloves unavailable)
MR       .....                  (boots unavailable)
Stlth    +.........             (no amulet)
Regen    0.2/turn               (no ring)
MPRegen  0.2/turn               (no ring)

@: lethally poisoned (2 -> -9), glowing
A: unfitting armour, tough skin 1
a: Renounce Religion


You were on level 5 of the Dungeon.
You worshipped the Shining One.
The Shining One was aware of your devotion.
You were not hungry.

You visited 1 branch of the dungeon, and saw 5 of its levels.

You collected 171 gold pieces.

Inventory:

Hand Weapons
 a - a +0 mace (weapon)
 b - a +0 antimagic whip
 l - a +0 whip
Armour
 g - a +1 robe (worn)
Wands
 i - a wand of confusion (44/48)
Scrolls
 c - a scroll of identify {@r1}
 e - a scroll of enchant armour
 j - 4 scrolls of amnesia
 m - a scroll of teleportation
Potions
 h - a potion of resistance
Books
 k - a book of Callings

   Spells                             Type                      Level
   a - Summon Small Mammal            Summoning                    1
   b - Call Imp                       Summoning                    2
   c - Call Canine Familiar           Summoning                    3
   d - Summon Guardian Golem          Hexes/Summoning              3
   e - Summon Lightning Spire         Summoning/Air                4
   f - Summon Ice Beast               Ice/Summoning                4
Comestibles
 d - 3 bread rations


   Skills:
 + Level 4.5 Maces & Flails
 - Level 1.7 Dodging
 - Level 1.4 Stealth
 - Level 2.5 Unarmed Combat
 - Level 2.4 Spellcasting
 - Level 3.6 Summonings


You had 5 spell levels left.
You knew the following spells:

 Your Spells              Type           Power        Failure   Level  Hunger
a - Summon Small Mammal   Summ           ##..         6%          1    #......
c - Call Canine Familiar  Summ           ##......     14%         3    ###....


Dungeon Overview and Level Annotations

Branches:
Dungeon (5/15)
 Temple: D:4-7

Altars:
Hepliaklqana
Trog
Zin
The Shining One


Innate Abilities, Weirdness & Mutations

You are too large for most types of armour.
You have tough skin. (AC +1)


Message History

You hit the ice beast.
The ice beast is heavily wounded.
The scorpion seems less confused.
The ice beast hits you but does no damage.
You hit the ice beast.
The ice beast is severely wounded.
The ice beast hits you. The ice beast freezes you!
* * * LOW HITPOINT WARNING * * *
Evoke which item? (* to show all) (? for menu, Esc to quit)
Aiming: Confuse
Press: ? - help, Shift-Dir - straight line, f/p - ice beast
Aim: an ice beast (severely wounded, confused, chance to defeat MR: 46%)
The scorpion resists with some effort.
This wand has 44 charges left.
The scorpion stings you!
* * * LOW HITPOINT WARNING * * *
You are lethally poisoned!
The scorpion poisons you!
Unknown command.
Okay, then.
Are you sure you want to abandon this character and quit the game? (Confirm with "yes".)

######## #......#
#......# #......#
##########......#
#.......##......#
#.......##......#
#.......##......#
#.......s@......# ####
#....>..##......#
...#####.......##......#
............Y.######.###
....########### #.....#
....# #.#.#.# (...#
#.#.#.# ....#
#...#.######### ....#
###...........


You could see an ice beast (confused) and a scorpion.

Vanquished Creatures
  2 crimson imps (D:5)
  Jessica (D:2)
  A worker ant (D:4)
  A worm (D:4)
  A dart slug (D:4)
  3 giant cockroaches
  3 goblins
  A hobgoblin (D:3)
  2 jackals (D:2)
  2 kobolds
  3 quokkas
  3 frilled lizards
  4 rats (D:3)
27 creatures vanquished.

Vanquished Creatures (collateral kills)
  A howler monkey (D:4)
  A crimson imp (D:5)
  A bullfrog skeleton (D:5)
  Ijyb (D:3)
  An iguana (D:4)
  A killer bee zombie (D:5)
  2 adders
  3 orcs (D:3)
  A goblin (D:3)
  4 hobgoblins
  4 jackals (D:2)
  A kobold (D:2)
  2 bats
  A rat (D:1)
24 creatures vanquished.

Grand Total: 51 creatures vanquished

Notes
Turn   | Place    | Note
-------+----------+-------------------------------------------
     0 | D:1      | Leszczynek the Ogre Summoner began the quest for the Orb.
     0 | D:1      | Reached XP level 1. HP: 16/16 MP: 3/3
   369 | D:1      | Reached skill level 1 in Unarmed Combat
   503 | D:2      | Noticed Jessica
   517 | D:2      | Killed Jessica
   517 | D:2      | Reached skill level 2 in Unarmed Combat
   517 | D:2      | Reached XP level 2. HP: 20/24 MP: 1/5
   517 | D:2      | Reached XP level 3. HP: 26/31 MP: 1/6
   538 | D:2      | Learned a level 2 spell: Call Imp
   542 | D:2      | Learned a level 3 spell: Call Canine Familiar
   628 | D:3      | Found a glowing golden altar of the Shining One.
   631 | D:3      | Became a worshipper of the Shining One
   642 | D:3      | ok, tso it is then
   723 | D:2      | Reached skill level 1 in Maces & Flails
   779 | D:2      | Found a glowing silver altar of Zin.
   942 | D:3      | Noticed Ijyb
   943 | D:3      | oh boy
   963 | D:3      | Killed Ijyb
   963 | D:3      | Reached XP level 4. HP: 25/39 MP: 2/7
   995 | D:3      | nice, 29 charges on confusion
   995 | D:3      | thanks ijyb
  1057 | D:3      | Reached skill level 2 in Maces & Flails
  1304 | D:4      | Noticed an ogre
  1458 | D:4      | Reached XP level 5. HP: 29/45 MP: 4/8
  1492 | D:4      | Found a bloodstained altar of Trog.
  1534 | D:4      | Reached skill level 3 in Maces & Flails
  1630 | D:5      | Entered Level 5 of the Dungeon
  1709 | D:4      | Found a hazy altar of Hepliaklqana.
  1764 | D:5      | Reached skill level 4 in Maces & Flails
  1771 | D:5      | Reached * piety under the Shining One
  1771 | D:5      | Reached XP level 6. HP: 28/53 MP: 7/9
  1820 | D:5      | Noticed an ice beast
  1856 | D:5      | HP: 2/53 [scorpion (10)]
  1857 | D:5      | Quit the game

Vault maps used:
D:1:      dpeg_arrival_circle_labyrinth_c, serial_bayou_lagoon_a
D:2:      zin_treasury, uniq_jessica
D:3:      tso_oasis_becter, uniq_iyjb
D:4:      kennysheep_mini, bloody_trog
D:5:      nicolae_overflow_crystal_walls, grunt_gozag_breadcrumbs,
          lemuel_doored_altar, first_bread, kennysheep_generic_room_9,
          uniq_pikel

Skill      XL: |  1  2  3  4  5 |
---------------+----------------+-----
Unarmed Combat | 2 |  2.5
Maces & Flails | 1 2 4 |  4.5
Dodging        | |  1.7
Stealth        | |  1.4
Spellcasting   | |  2.4
Summonings     | |  3.6

Action                   |  1- 3 |  4- 6 || total
-------------------------+-------+-------++-------
Melee: Unarmed           |    33 |       ||    33
       Whip              |    53 |       ||    53
       Mace              |     6 |    84 ||    90
 Cast: Summon Small Mamm |    17 |     1 ||    18
       Call Canine Famil |     4 |     6 ||    10
Evoke: Wand              |       |     4 ||     4
  Use: Potion            |     2 |       ||     2
       Scroll            |       |     8 ||     8
  Eat: Chunk             |     1 |     4 ||     5
Armor: Robe              |    27 |    35 ||    62
Dodge: Dodged            |    50 |    48 ||    98
